 Dungeon Crawl Stone Soup version 0.31-a0-819-gf6de2f5ab6 (webtiles) character file.

Game seed: 4593795230729999918

173 quinnr the Gusty (level 5, -3/28 HPs)
             Began as a Tengu Air Elementalist on Sept 23, 2023.
             Killed by divine providence
             ... invoked by an orc priest
              (15 damage)
             ... on level 4 of the Dungeon.
             The game lasted 00:05:49 (4228 turns).

quinnr the Gusty (Tengu Air Elementalist)           Turns: 4228, Time: 00:05:49

Health: -3/28      AC:  3    Str:  8    XL:     5   Next: 53%
Magic:  3/9        EV: 12    Int: 17    God:
Gold:   248        SH:  0    Dex: 15    Spells: 4/8 levels left

rFire   . . .        k - +0 dagger
rCold   . . .        (no shield)
rNeg    . . .        a - +0 robe
rPois   .            (helmet restricted)
rElec   .            (no cloak)
rCorr   .            h - +0 pair of gloves
SInv    .            (boots unavailable)
Will    .....        (no amulet)
Stlth   ++           (no ring)
HPRegen 0.24/turn    (no ring)
MPRegen 0.11/turn

%: acrobat
@: no status effects
A: beak, talons 3, acrobatic
a: no special abilities


You were on level 4 of the Dungeon.
You visited 1 branch of the dungeon, and saw 4 of its levels.

You collected 248 gold pieces.


Innate Abilities, Weirdness & Mutations

You have a beak for a mouth.
You have claws for feet.
You can magically evade attacks while moving or waiting.


   Skills:
 - Level 2.1 Dodging
 - Level 2.0 Stealth
 - Level 2.0 Spellcasting
 - Level 3.0 Conjurations
 + Level 7.5 Air Magic


You had 4 spell levels left.
You knew the following spells:

 Your Spells              Type           Power      Damage    Failure   Level
i - Swiftness             Air            27%        N/A       2%          3
z - Shock                 Conj/Air       76%        1d7       2%          1

Your spell library contained the following spells:

 Spells                   Type           Power      Damage    Failure   Level
 Static Discharge         Conj/Air       38%        2-4/arc   3%          2
 Airstrike                Air            13%        2d(2-18)  9%          4
 Cigotuvi's Dreadful Rot  Necr/Pois/Air  20%        N/A       11%         2
 Ignite Poison            Fire/Tmut/Pois 1%         N/A       50%         3
 Tukima's Dance           Hex            1%         N/A       50%         3
 Iskenderun's Mystic Bla  Conj/Tloc      6%         2d4       71%         4
 Dimensional Bullseye     Hex/Tloc       0%         N/A       88%         4
 Freezing Cloud           Conj/Ice/Air   6%         6-21      77%         5

Inventory:

Hand Weapons
 k - a +0 dagger (weapon)
Armour
 a - a +0 robe (worn)
 h - a +0 pair of gloves (worn)
Scrolls
 f - 2 scrolls of noise {unknown}
 g - a scroll of fog {unknown}
 i - a scroll of vulnerability {unknown}
 j - a scroll of teleportation {@r2}
 l - 2 scrolls of butterflies {unknown}
 o - a scroll of enchant weapon {unknown}
 p - a scroll of fear {unknown}
Potions
 b - a potion of magic
 c - a potion of attraction {unknown}
 d - a potion of mutation {unknown}
 e - a potion of enlightenment {unknown}
 m - 2 potions of heal wounds {unknown}
 n - 3 potions of curing {unknown}
 q - a potion of resistance {unknown}

Dungeon Overview and Level Annotations

Branches:
Dungeon (4/15)
 Temple: D:4-7

Altars:
Hepliaklqana

Shops:
D:2 (   D:4 *

Annotations:
D:3 Terence

..##....##.#..###...####
...........##....#..##.##
............#......##...##
...............†.........#
.#.........##...........##
##.....##.##....>......##
#.........#.........####
#...)....##...#o....#
.........#.....#@.###
.........##....####
.........##.....#
.##..##.##......# .# ###
....)....# .# ..o.###..#
..# .... #.## .... ... .##
#..# .. .


You could see an orc priest.


Message History

Press: ? - help, Shift-Dir - straight line The zap hits the orc priest.
The orc priest is heavily wounded.
The zap misses the orc priest.
The orc priest barely misses you.
Unknown command.
Unknown command.
Casting: Shock (safe; 2% risk of failure)
Confirm with . or Enter, or press ? or * to list all spells.
Aiming: Shock (safe; 2% risk of failure)
Press: ? - help, Shift-Dir - straight line The zap misses the orc priest.
The zap hits the orc priest but does no damage.
The orc priest is heavily wounded.
The orc priest mumbles some strange prayers to Beogh against you.
Pain shoots through your body!
Ouch! That really hurt!
* * * LOW HITPOINT WARNING * * *
Unknown command.
Casting: Shock (safe; 2% risk of failure)
Confirm with . or Enter, or press ? or * to list all spells.
Aiming: Shock (safe; 2% risk of failure)
Press: ? - help, Shift-Dir - straight line The zap hits the orc priest.
The orc priest is severely wounded.
The zap hits the orc priest.
The orc priest is almost dead.
The orc priest invokes the aid of Beogh against you.
Beogh smites you!
Ouch! That really hurt!
You die...

Skill      XL: |  1  2  3  4 |
---------------+-------------+-----
Air Magic      | 5 6 7 |  7.5
Conjurations   | 2 3 |  3.0
Dodging        | |  2.1
Stealth        | |  2.0
Spellcasting   | |  2.0

Action                     |  1- 3 |  4- 6 || total
---------------------------+-------+-------++-------
  Melee: Dagger            |     3 |     1 ||     4
         Kick              |     2 |     1 ||     3
   Cast: Shock             |    79 |    84 ||   163
    Use: Scroll            |       |     2 ||     2
 Armour: Robe              |     8 |     8 ||    16
  Dodge: Dodged            |    10 |    10 ||    20

Levels and vault maps discovered:
D:1:      dpeg_arrival_shrine, layout_loops_ring
D:2:      layout_basic, basic_altar, serial_shops,
          nicolae_shop_tiny_statue_garden
D:3:      cheibrodos_helix_gallery, layout_basic, uniq_terence
D:4:      layout_cave_pools, kennysheep_orc_sif_temple,
          minmay_temple_entry_crystal_x, minivault_19,
          eino_small_chamber_without_monster, nicolae_shop_overcharged_wands

Notes
Turn   | Place    | Note
-------+----------+-------------------------------------------
     0 | D:1      | quinnr the Tengu Air Elementalist began the quest for the
                  | Orb.
     0 | D:1      | Reached XP level 1. HP: 10/10 MP: 4/4
   119 | D:1      | Reached XP level 2. HP: 15/15 MP: 3/6
   242 | D:1      | Reached skill level 5 in Air Magic
   705 | D:1      | Reached XP level 3. HP: 19/19 MP: 5/7
   984 | D:2      | Found a hazy altar of Hepliaklqana.
  1092 | D:2      | Found Iptaip's Antique Weapon Emporium.
  1785 | D:2      | Reached skill level 2 in Conjurations
  2310 | D:3      | Reached skill level 6 in Air Magic
  2310 | D:3      | Reached XP level 4. HP: 24/24 MP: 5/8
  2972 | D:3      | Reached skill level 3 in Conjurations
  3417 | D:3      | Noticed Terence
  3669 | D:3      | Learned a level 3 spell: Swiftness
  3883 | D:4      | Reached skill level 7 in Air Magic
  3883 | D:4      | Reached XP level 5. HP: 25/28 MP: 2/9
  3992 | D:4      | Found Antegg's Overcharged Wands.
  4228 | D:4      | Killed from afar by an orc priest

Vanquished Creatures
  2 orc wizards (D:4)
  3 adders (D:3)
  2 worms
  6 dart slugs
  4 orcs (D:4)
  4 ball pythons
  11 bats
  5 endoplasms
  A giant cockroach (D:3)
  9 goblins
  5 hobgoblins
  6 jackals
  2 quokkas
  4 frilled lizards
  4 kobolds
  6 rats
74 creatures vanquished.

Table legend: (Time is in decaauts)
 A = Elapsed time spent in this place.
 B = Non-inter-level travel time spent in this place.
 C = Inter-level travel time spent in this place.
 D = Time resting spent in this place.
 E = Time spent auto-exploring this place.
 F = Levels seen in this place.
 G = Mean time per level.
                   A        B        C        D        E       F      G
               +--------+--------+--------+--------+--------+-----+--------+
         Total |   4229 |   4044 |    185 |    129 |   3401 |   4 | 1057.2 |
       Dungeon |   4229 |   4044 |    185 |    129 |   3401 |   4 | 1057.2 |
               +--------+--------+--------+--------+--------+-----+--------+

Top non-repeatable levels by time:
     D:3: 1393 daAuts
     D:2: 1363 daAuts
     D:1: 979 daAuts
     D:4: 493 daAuts

Table legend:
 A = Non-vault XP
 B = Vault XP
 C = Vault XP percentage of total XP
 D = Non-vault monster count
 E = Vault monster count
 F = Vault count percentage of total count
                 A         B        C        D         E       F
            +---------+---------+-------+---------+---------+-------
      Total |     232 |      16 |   6.5 |      72 |       2 |   2.7
            +---------+---------+-------+---------+---------+-------
        D:1 |      35 |       0 |   0.0 |      23 |       0 |   0.0
        D:2 |      32 |       0 |   0.0 |      15 |       0 |   0.0
        D:3 |      66 |      16 |  19.5 |      21 |       2 |   8.7
        D:4 |      99 |       0 |   0.0 |      13 |       0 |   0.0
            +---------+---------+-------+---------+---------+-------

Levels and vault maps discovered:
D:1:      dpeg_arrival_shrine, layout_loops_ring
D:2:      layout_basic, basic_altar, serial_shops,
          nicolae_shop_tiny_statue_garden
D:3:      cheibrodos_helix_gallery, layout_basic, uniq_terence
D:4:      layout_cave_pools, kennysheep_orc_sif_temple,
          minmay_temple_entry_crystal_x, minivault_19,
          eino_small_chamber_without_monster, nicolae_shop_overcharged_wands
